 Dungeon Crawl Stone Soup version 0.31-a0-1300-gb6740aa (webtiles) character file.

Game seed: 16310972235980844229

17618 wqsa789 the Brawler (level 12, -7/160 HPs)
             Began as a Troll Fighter on Dec 18, 2023.
             Was an Initiate of Gozag.
             Mangled by an orc warrior
             ... wielding a +0 long sword
              (9 damage)
             ... on level 1 of the Orcish Mines.
             The game lasted 00:35:14 (10988 turns).

wqsa789 the Brawler (Troll Fighter)                Turns: 10988, Time: 00:35:15

Health: -7/160     AC: 30    Str: 31    XL:     12   Next: 20%
Magic:  11/11      EV:  1    Int:  4    God:    Gozag
Gold:   987        SH:  7    Dex:  9    Spells: 11/11 levels left

rFire   + .          .
                       - Unarmed
rCold   + . .        b - +0 kite shield
rNeg    . . .        a - melded +0 robe
rPois   +            (helmet currently unavailable)
rElec   +            d - melded scarf {repulsion}
rCorr   +            (gloves unavailable)
SInv    .            (boots unavailable)
Will    +....        i - amulet of regeneration
Stlth   +            e - ring of willpower
HPRegen 2.06/turn    n - +4 ring of protection
MPRegen 0.12/turn

%: no passive effects
@: mighty, brilliant, tree-form, resistant, gold aura, invisible
A: stationary, stasis, torment immunity, boosted hp, large, unfitting armour,
(claws 3), regeneration 1, (shaggy fur 1), (tough skin 1)
a: End Transformation, Renounce Religion, Potion Petition, Call Merchant, Bribe
Branch


You were on level 1 of the Orcish Mines.
You worshipped Gozag.
Gozag was pleased with you.
You were a tree.
You visited 3 branches of the dungeon, and saw 13 of its levels.
You also visited: Bailey.

You collected 2597 gold pieces.
You spent 392 gold pieces at shops.
You paid 1218 gold pieces to Gozag.

Inventory:

Missiles
 o - a throwing net
Armour
 a - a +0 robe (melded)
 b - a +0 kite shield (worn)
 d - a scarf of repulsion (melded)
 A - a +0 cloak
Jewellery
 e - a ring of willpower (left branch)
 i - an amulet of regeneration (around neck)
 n - a +4 ring of protection (right branch)
 w - a ring of positive energy
Talismans
 z - a beast talisman (active)
Wands
 k - a wand of flame (16)
 v - a wand of polymorph (15)
 x - a wand of paralysis (1)
Scrolls
 g - a scroll of enchant armour {unknown}
 j - 4 scrolls of immolation
 m - a scroll of amnesia
 u - 2 scrolls of enchant weapon
Potions
 f - a potion of curing
 h - 3 potions of brilliance
 l - 2 potions of haste
 p - 4 potions of attraction
 q - a potion of magic


   Skills:
 - Level 4.2 Fighting
 - Level 2.4 Dodging
 - Level 2.6 Shields
 - Level 16.1 Unarmed Combat
 + Level 10.4 Shapeshifting


You had 11 spell levels left.
You didn't know any spells.
Your spell library contained the following spells:

 Spells                   Type           Power      Damage    Failure   Level
 Foxfire                  Conj/Fire      0%         2x1d4     73%         1
 Magic Dart               Conj           0%         1d3       73%         1
 Summon Small Mammal      Summ           0%         N/A       73%         1
 Cigotuvi's Dreadful Rot  Necr/Pois/Air  0%         N/A       86%         2
 Scorch                   Fire           0%         2d5       86%         2
 Sublimation of Blood     Necr           0%         N/A       86%         2
 Wereblood                Tmut           0%         N/A       86%         2
 Ignite Poison            Fire/Tmut/Pois 0%         N/A       97%         3
 Dispel Undead            Necr           0%         3d6       100%        4
 Flame Wave               Conj/Fire      0%         2d4       100%        4
 Petrify                  Tmut/Erth      0%         N/A       100%        4
 Borgnjor's Vile Clutch   Necr/Erth      0%         N/A       100%        5
 Freezing Cloud           Conj/Ice/Air   0%         6-21      100%        5
 Irradiate                Conj/Tmut      0%         3d11      100%        5
 Summon Forest            Summ/Tloc      0%         N/A       100%        5
 Death Channel            Necr           0%         N/A       100%        6
 Eringya's Noxious Bog    Tmut/Pois      0%         4d6       100%        6
 Summon Cactus Giant      Summ           0%         N/A       100%        6
 Summon Hydra             Summ           0%         N/A       100%        7
 Animate Dead             Necr           Unusable   N/A       N/A         4

Dungeon Overview and Level Annotations

Branches:
Dungeon (10/15)            Temple (1/1) D:7            Lair (0/5) D:10
    Orc (2/2) D:10         Bailey (visited)
    Elf: Orc:2

Altars:
Ashenzari
Cheibriados
Dithmenos
Elyvilon
Fedhas
Gozag
Hepliaklqana
Kikubaaqudgha
Makhleb
Nemelex Xobeh
Okawaru
Qazlal
Ru
Sif Muna
Trog
Uskayaw
Vehumet
Wu Jian
Xom
Yredelemnul
Zin
The Shining One

Shops:
D:1 :   D:9 !   Orc:2 (

Annotations:
D:9 Erolcha


Innate Abilities, Weirdness & Mutations

You are a tree.
Your roots penetrate the ground, keeping you stationary.
You cannot be teleported.
You are immune to unholy pain and torment.
Your maximum health is greatly increased.
Your equipment is partially melded.
You are too large for most types of armour.
((You have claws for hands.))
Your natural rate of healing is unusually fast.
((You are covered in fur. (AC +1)))
((You have tough skin. (AC +1)))


Message History

The orc knight roars a battlecry!
The orc knight goes into a battle-frenzy!
You smack the orc high priest!
The orc high priest is severely wounded.
The orc knight hits you with a +3 long sword!
The orc warrior completely misses you.
The orc warrior hits you but does no damage.
The orc high priest hits you with a +0 short sword.
You pummel the orc high priest!!
You kill the orc high priest!
The orc knight hits you with a +0 long sword.
The orc warrior hits you but does no damage.
The orc knight hits you with a +3 long sword!!
The orc warrior hits you but does no damage.
You cannot move.
You smack the orc knight!
The orc knight is lightly wounded.
The orc knight hits you with a +0 long sword.
You closely miss the orc knight.
The orc knight is lightly wounded.
The orc knight hits you with a +3 long sword!
The orc warrior hits you but does no damage.
The orc warrior hits you with a +0 long sword!
* * * LOW HITPOINT WARNING * * *
The orc knight hits you with a +0 long sword.
* * * LOW HITPOINT WARNING * * *
You pummel the orc knight!!
The orc knight is heavily wounded.
You block the orc knight's attack. You block the orc warrior's attack.
The orc warrior hits you but does no damage.
The orc knight hits you with a +0 long sword!!
* * * LOW HITPOINT WARNING * * *
It was a potion of invisibility.
You fade into invisibility!
The orc knight is distracted by your dazzling golden aura.
The orc warrior hits you with a +0 flail!
* * * LOW HITPOINT WARNING * * *
The orc warrior hits you with a +0 long sword!
You die...
Your body crumbles into a pile of gold.

##....##.......#
###.#..#......##
#.........#...#
##.#....#.....##
####..........#
##.........###
#####...........##
##.##...o)[.......#
#.......o♣o......##
##........o$....#####
#.................#.##
##.###....#..........#
######...........#.##
##.....##.......##
#....#######....#
##.### ###.## ### ###


You could see 2 orc knights and 2 orc warriors.

Vanquished Creatures
  Snorg (Orc:1)
  3 orc high priests (Orc:1)
  An orc knight (Bailey)
  A deep elf pyromancer (D:10)
  An orc sorcerer (Orc:1)
  Maurice (D:7)
  A kobold blastminer (Orc:2)
  Joseph (D:9)
  2 kobold demonologists (D:10)
  7 trolls
  A hornet (D:8)
  Sigmund (D:6)
  A shadow (D:9)
  20 yaks
  Grum (D:8)
  3 wargs (Orc:1)
  6 vampire mosquitoes (D:10)
  2 water moccasins (D:7)
  28 orc warriors
  A black bear (D:6)
  A sky beast (D:7)
  4 wolves (D:8)
  A centaur (D:9)
  4 ogres
  A phantom (D:5)
  A kobold brigand (D:10)
  3 bullfrogs
  A gnoll sergeant (D:10)
  3 scorpions
  9 wights
  7 killer bees
  A hound (D:6)
  19 orc priests
  A sleepcap (D:4)
  An iguana (D:5)
  Natasha (thrice) (D:2)
  10 orc wizards
  5 gnolls
  5 adders
  A shadow imp (D:7)
  4 ufetubi (D:5)
  A worm (D:2)
  3 dart slugs
  74 orcs
  6 endoplasms
  4 giant cockroaches
  4 hobgoblins
  4 jackals (D:4)
  8 kobolds
  2 quokkas
  4 ball pythons
  5 bats
  2 frilled lizards
  9 goblins
  5 rats
299 creatures vanquished.

Vanquished Creatures (others)
  An orc wizard (D:4)
1 creature vanquished.

Grand Total: 300 creatures vanquished

Notes
Turn   | Place    | Note
-------+----------+-------------------------------------------
     0 | D:1      | wqsa789 the Troll Fighter began the quest for the Orb.
     0 | D:1      | Reached XP level 1. HP: 22/22 MP: 0/0
   219 | D:1      | Found Racwion's Book Shoppe.
   426 | D:1      | Reached XP level 2. HP: 29/29 MP: 1/1
   442 | D:1      | You fall into a shaft and drop 1 floor!
   981 | D:2      | Noticed Natasha
   987 | D:2      | Killed Natasha
   988 | D:2      | Reached skill level 3 in Unarmed Combat
   988 | D:2      | Reached XP level 3. HP: 28/37 MP: 2/2
  1034 | D:2      | Noticed Natasha
  1040 | D:2      | Killed Natasha
  1041 | D:2      | Reached XP level 4. HP: 45/45 MP: 3/3
  1067 | D:2      | Found a faded altar of an unknown god.
  1197 | D:2      | Noticed Natasha
  1202 | D:2      | Killed Natasha
  1768 | D:3      | Reached XP level 5. HP: 53/54 MP: 4/4
  1782 | D:3      | Reached skill level 4 in Unarmed Combat
  2134 | D:4      | Found a broken altar of Ashenzari.
  2378 | D:4      | Reached skill level 5 in Unarmed Combat
  2378 | D:4      | Reached XP level 6. HP: 54/62 MP: 5/5
  2934 | D:5      | Entered Level 5 of the Dungeon
  2981 | D:5      | Reached skill level 6 in Unarmed Combat
  3132 | D:5      | Reached XP level 7. HP: 70/70 MP: 6/6
  3165 | D:5      | Reached skill level 7 in Unarmed Combat
  3512 | D:6      | Noticed Sigmund
  3516 | D:6      | Killed Sigmund
  3517 | D:6      | Reached skill level 8 in Unarmed Combat
  3525 | D:6      | Found a radiant altar of Vehumet.
  3609 | D:6      | Got Sif Muna's First Steps in Sibylline Knowledge
  3633 | D:6      | Reached XP level 8. HP: 69/78 MP: 7/7
  3743 | D:6      | Reached skill level 9 in Unarmed Combat
  4077 | D:7      | Reached skill level 10 in Unarmed Combat
  4160 | D:7      | Reached skill level 11 in Unarmed Combat
  4164 | D:7      | Reached XP level 9. HP: 48/84 MP: 8/8
  4203 | D:7      | Noticed Maurice
  4211 | D:7      | Something stole a ring of positive energy
  4221 | D:7      | Something stole a beast talisman
  4255 | D:7      | Something stole 243 gold
  4283 | D:7      | Something stole 105 gold
  4284 | D:7      | Killed Maurice
  4429 | D:7      | Reached skill level 12 in Unarmed Combat
  5060 | D:7      | Found a staircase to the Ecumenical Temple.
  5101 | Temple   | Entered the Ecumenical Temple
  5107 | Temple   | Became a worshipper of Gozag Ym Sagoz the Greedy
  5227 | D:8      | Noticed Grum
  5341 | D:8      | Reached skill level 13 in Unarmed Combat
  5359 | D:8      | Killed Grum
  5458 | D:8      | Reached XP level 10. HP: 12/93 MP: 9/9
  5809 | D:8      | Found a sparkling altar of Nemelex Xobeh.
  6090 | D:8      | Reached skill level 14 in Unarmed Combat
  6492 | D:9      | Found a flagged portal.
  6519 | Bailey   | Entered a bailey
  6767 | Bailey   | Noticed an orc knight
  6780 | Bailey   | Killed an orc knight
  7084 | Bailey   | Reached skill level 15 in Unarmed Combat
  7152 | D:9      | Found an ornate altar of the Wu Jian Council.
  7212 | D:9      | Found a basalt altar of Yredelemnul.
  7621 | D:9      | Noticed Joseph
  7630 | D:9      | Killed Joseph
  7877 | D:9      | Found a white marble altar of Elyvilon.
  8064 | D:9      | Noticed Erolcha
  8288 | D:9      | Bought a potion of curing for 42 gold pieces
  8288 | D:9      | Bought a potion of haste for 140 gold pieces
  8288 | D:9      | Bought a potion of heal wounds for 70 gold pieces
  8288 | D:9      | Bought a potion of haste for 140 gold pieces
  8316 | D:10     | Entered Level 10 of the Dungeon
  8514 | D:10     | Reached skill level 16 in Unarmed Combat
  8632 | D:10     | Found a staircase to the Orcish Mines.
  8651 | D:10     | Reached skill level 1 in Shapeshifting
  8652 | D:10     | Reached XP level 11. HP: 60/100 MP: 10/10
  8864 | D:10     | Reached skill level 5 in Shapeshifting
  8903 | D:10     | Found a staircase to the Lair.
  9105 | D:10     | Noticed a deep elf pyromancer
  9118 | D:10     | Killed a deep elf pyromancer
  9171 | D:10     | Found a shimmering altar of Xom.
  9327 | Orc:1    | Entered Level 1 of the Orcish Mines
  9374 | Orc:1    | Noticed Snorg
  9385 | Orc:1    | Killed Snorg
  9409 | Orc:1    | HP: 4/100 [warg (15)]
  9865 | Orc:2    | Entered Level 2 of the Orcish Mines
  9865 | Orc:2    | Noticed an orc knight
 10068 | Orc:2    | Noticed an orc sorcerer
 10148 | Orc:2    | Noticed an orc high priest
 10199 | Orc:2    | Noticed an orc knight
 10279 | Orc:1    | Killed an orc sorcerer
 10314 | Orc:2    | Noticed an orc high priest
 10438 | Orc:1    | Killed an orc high priest
 10439 | Orc:1    | Reached XP level 12. HP: 77/107 MP: 11/11
 10657 | Orc:1    | Killed an orc high priest
 10682 | Orc:2    | Reached skill level 10 in Shapeshifting
 10698 | Orc:2    | Found Pioleire's Weapon Boutique.
 10837 | Orc:2    | Noticed an orc high priest
 10984 | Orc:1    | Killed an orc high priest
 10988 | Orc:1    | HP: 2/160 [orc warrior/+0 flail (10)]
 10988 | Orc:1    | Mangled by an orc warrior

Illustrated notes

Levels and vault maps discovered:
D:1:      dpeg_arrival_renting, layout_basic, serial_shops, shop
D:2:      layout_loops_ring, dreamdust_ecumenical_altar_grove, uniq_natasha
D:3:      minmay_bubble_buster, layout_basic
D:4:      layout_loops_ring, mainiacjoe_overflow_paths, st_stairs_2,
          chequers_serial_rivers_large_a, nicolae_zig_zag_zippers
D:5:      layout_loops_ring, fountainhead
D:6:      layout_basic, vehumet_crystals, uniq_sigmund
D:7:      layout_loops_ring, minmay_temple_entry_enclosed_plants, minivault_11,
          uniq_maurice
D:8:      layout_layer_cave, nemelex_spade_bored_becter, uniq_grum
D:9:      layout_layer_cave, mainiacjoe_overflow_two_lobes, elyvilon_altar_4,
          lightli_bailey_entry_fortress, grunt_ministairs_5, uniq_erolcha,
          uniq_joseph
D:10:     layout_irregular_city, kennysheep_mini_moat, lair_entry_dummy
Temple:   hellmonk_temple_two_chambers
Orc:1:    nicolae_orc_accident_1, layout_caves, minmay_orc_temple_a, uniq_snorg
Orc:2:    grunt_orc_gardens, layout_diamond_mine, grunt_orc_garden,
          grunt_orc_garden, grunt_orc_garden, grunt_orc_garden, serial_shops,
          shop

Skill      XL: |  1  2  3  4  5  6  7  8  9 10 11 12 |
---------------+-------------------------------------+-----
Fighting       | 3 4 |  4.2
Unarmed Combat | 3 5 6 8 11 13 16 | 16.1
Shapeshifting  | 1 9 10 | 10.4
Dodging        | |  2.4
Shields        | |  2.6

Action                     |  1- 3 |  4- 6 |  7- 9 | 10-12 || total
---------------------------+-------+-------+-------+-------++-------
  Melee: Unarmed           |    55 |   141 |   182 |   491 ||   869
  Throw: Throwing net      |       |       |     1 |       ||     1
 Invoke: Call Merchant     |       |       |       |     1 ||     1
         Potion Petition   |       |       |       |     2 ||     2
  Evoke: Wand              |       |       |     1 |    18 ||    19
    Use: Scroll            |       |     8 |     5 |     4 ||    17
         Potion            |       |       |     3 |    10 ||    13
   Stab: Distracted        |       |     1 |       |     1 ||     2
         Sleeping          |       |     1 |       |       ||     1
         Paralysed         |       |       |     1 |    14 ||    15
 Armour: Robe              |    22 |    70 |   129 |   345 ||   566
         Skin              |       |       |     4 |    33 ||    37
  Dodge: Dodged            |    17 |    33 |    65 |   193 ||   308
         Repelled          |     1 |       |       |       ||     1
  Block: Kite shield       |    13 |    39 |    67 |   203 ||   322
   Form: Beast             |       |       |     1 |       ||     1

Table legend: (Time is in decaauts)
 A = Elapsed time spent in this place.
 B = Non-inter-level travel time spent in this place.
 C = Inter-level travel time spent in this place.
 D = Time resting spent in this place.
 E = Time spent auto-exploring this place.
 F = Levels seen in this place.
 G = Mean time per level.
                   A        B        C        D        E       F      G
               +--------+--------+--------+--------+--------+-----+--------+
         Total |  10849 |  10202 |    647 |   1595 |   6558 |  14 |  774.9 |
       Dungeon |   8639 |   8118 |    521 |    781 |   5956 |  10 |  863.9 |
        Temple |     12 |      1 |     11 |      0 |      0 |   1 |   12.0 |
  Orcish Mines |   1613 |   1499 |    114 |    547 |    484 |   2 |  806.5 |
        Bailey |    584 |    584 |      0 |    267 |    118 |   1 |  584.0 |
               +--------+--------+--------+--------+--------+-----+--------+

Top non-repeatable levels by time:
   Orc:1: 1442 daAuts
     D:9: 1406 daAuts
     D:8: 1243 daAuts
     D:7: 1143 daAuts
     D:1: 844 daAuts
    D:10: 842 daAuts
     D:4: 807 daAuts
     D:2: 697 daAuts
     D:3: 594 daAuts
  Bailey: 584 daAuts
     D:5: 577 daAuts
     D:6: 482 daAuts
   Orc:2: 170 daAuts
  Temple: 12 daAuts
